 Dungeon Crawl Stone Soup version 0.28.0-53-g5a82cb258f (webtiles) character file.

Game seed: 5483361199560775363

28 scsoc the Covered (level 2, -1/27 HPs)
             Began as a Minotaur Fighter on Aug 5, 2022.
             Slain by Sigmund
             ... wielding a +0 scythe
              (4 damage)
             ... on level 2 of the Dungeon.
             The game lasted 00:01:52 (983 turns).

scsoc the Covered (Minotaur Fighter)                 Turns: 983, Time: 00:01:53

Health: -1/27      AC:  7    Str: 20    XL:     2   Next: 96%
Magic:  1/1        EV:  9    Int:  5    God:
Gold:   0          SH:  5    Dex: 15    Spells: 1/1 levels left

rFire   . . .      SeeInvis .   a - +0 war axe
rCold   . . .      Faith    .   c - +0 buckler
rNeg    . . .      Spirit   .   b - +0 scale mail
rPois   .          Reflect  .   (helmet restricted)
rElec   .          Harm     .   (no cloak)
rCorr   .          Rampage  .   (no gloves)
Will    .....                   (no boots)
Stlth   ..........              (no amulet)
HPRegen 0.09/turn               h - +6 ring of dexterity
MPRegen 0.07/turn               (no ring)

@: brilliant
A: horns 2, retaliatory headbutt
a: no special abilities


You were on level 2 of the Dungeon.
You visited 1 branch of the dungeon, and saw 2 of its levels.

Inventory:

Hand Weapons
 a - a +0 war axe (weapon)
Armour
 b - a +0 scale mail (worn)
 c - a +0 buckler (worn)
Jewellery
 h - a +6 ring of dexterity (left hand)
Potions
 d - a potion of might
 e - a potion of berserk rage


   Skills:
 + Level 3.9 Fighting
 + Level 2.4 Axes
 + Level 4.3 Armour
 + Level 4.2 Shields


You had one spell level left.
You didn't know any spells.
Your spell library was empty.

Dungeon Overview and Level Annotations

Branches:
Dungeon (2/15)

Altars:

Annotations:
D:2 Sigmund


Innate Abilities, Weirdness & Mutations

You have a pair of horns on your head.
You reflexively headbutt those who attack you in melee.


Message History

There is an open door here.
There is an open door here.
You open the door.
There is an open door here.
Done exploring.
You feel agile.
h - a +6 ring of dexterity (left hand)
As you read the scroll labelled GUF VEADOBEY, it crumbles to dust.
It is a scroll of identify.
e - a potion of berserk rage
As you read the scroll labelled DIABOI YXOE, it crumbles to dust.
You feel strangely unstable.
It was a scroll of teleportation.
It was a potion of brilliance.
You feel clever all of a sudden.
You start waiting.
Your surroundings suddenly seem different.
There is an escape hatch in the floor here.
You slide downwards.
The hatch slams shut behind you.
Sigmund shouts!
The adder hisses angrily.
You hear a shout!
Sigmund gestures at you while chanting. The magic dart hits you.
You slash the adder!
You kill the adder!
Sigmund hits you but does no damage.
You closely miss Sigmund. You headbutt Sigmund.
Sigmund is lightly wounded.
Sigmund mumbles some strange words.
Sigmund flickers and vanishes!
Deactivating autopickup; reactivate with Ctrl-A.
You barely miss something. Something hits you but does no damage.
You miss something. Your headbutt misses something. Something hits you.
You closely miss something. Your headbutt misses something. Something hits you.
You miss something. Your headbutt misses something. Something hits you!
You closely miss something.
A hobgoblin comes into view.
Something hits you!
* * * LOW HITPOINT WARNING * * *
The hobgoblin moves out of view.
You hit something. Something hits you.
You die...

.. .... .. ... #.
#.. #..#.##.#
........# .#..##.###
.#
#.........######...#
......#.#.##........
.........{@.........
#####.#.#.##...###.#
#.....####...#
###.### .### #.# .#
#. #


There were no monsters in sight!

Vanquished Creatures
  An adder (D:2)
  A dart slug (D:1)
  An endoplasm (D:1)
  4 goblins (D:1)
  2 hobgoblins (D:1)
  A quokka (D:1)
  A ball python (D:1)
  2 bats (D:1)
  2 frilled lizards (D:1)
  2 kobolds (D:1)
  A rat (D:1)
18 creatures vanquished.

Notes
Turn   | Place    | Note
-------+----------+-------------------------------------------
     0 | D:1      | scsoc the Minotaur Fighter began the quest for the Orb.
     0 | D:1      | Reached XP level 1. HP: 19/19 MP: 0/0
   238 | D:1      | Reached XP level 2. HP: 27/27 MP: 1/1
   963 | D:2      | Noticed Sigmund
   983 | D:2      | Slain by Sigmund

Illustrated notes

Levels and vault maps discovered:
D:1:      tarquinn_simple_flora_water_a, layout_basic
D:2:      layout_loops_cross, shapermc_ecumenical_altar_petra,
          minmay_misc_feat_roman, hangedman_abyss_or_decor_lesser_grid,
          kennysheep_generic_room_2, uniq_sigmund

Skill      XL: |  1  2 |
---------------+-------+-----
Shields        | 4 |  4.2
Armour         | 4 |  4.3
Fighting       | |  3.9
Axes           | |  2.4

Action                   || total
-------------------------++-------
Melee: War axe           ||    34
       Headbutt          ||     4
  Use: Scroll            ||     2
       Potion            ||     1
Armor: Scale mail        ||    14
Dodge: Dodged            ||    11
Block: Buckler           ||     7
